 Dungeon Crawl Stone Soup version 0.28-a0-909-g796cbd3a86 (webtiles) character file.

Game seed: 10084113650552762791

20643 BinkBink the Severer (level 12, -4/112 HPs)
             Began as a Minotaur Monk on Nov 25, 2021.
             Was the Champion of Kikubaaqudgha.
             Shot with an arrow by a centaur warrior (12 damage)
             ... on level 12 of the Dungeon.
             The game lasted 00:48:01 (19805 turns).

BinkBink the Severer (Minotaur Monk)               Turns: 19805, Time: 00:48:03

Health: -4/112     AC:  9    Str: 14    XL:     12   Next: 47%
Magic:  0/11       EV: 17    Int:  7    God:    Kikubaaqudgha [******]
Gold:   464        SH:  0    Dex: 25    Spells: 11/11 levels left

rFire   + . .      SeeInvis .   F - +4 battleaxe (vorpal)
rCold   . . .      Faith    .   (shield currently unavailable)
rNeg    . . .      Spirit   +   A - +0 ring mail of an ossuary {rPois Str-4 Dex+9 Stlth-}
rPois   +          Reflect  .   (helmet unavailable)
rElec   .          Harm     .   I - scarf {shadows}
rCorr   .          Rampage  .   n - +0 pair of gloves
Will    .....                   (no boots)
Stlth   +.........              v - amulet of guardian spirit
HPRegen 0.28/turn               z - ring of flight
MPRegen 0.12/turn               m - ring of protection from fire

@: flying, studying Axes
A: horns 3, retaliatory headbutt
a: Renounce Religion, Receive Corpses, Torment, Brand Weapon With Pain, Receive
Forbidden Knowledge


You were on level 12 of the Dungeon.
You worshipped Kikubaaqudgha.
Kikubaaqudgha was exalted by your worship.
You visited 2 branches of the dungeon, and saw 13 of its levels.
You also visited: Ossuary and Bailey.

You collected 724 gold pieces.
You spent 260 gold pieces at shops.

Inventory:

Hand Weapons
 F - a +4 vorpal battleaxe (weapon)
Armour
 n - a +0 pair of gloves (worn)
 A - the +0 ring mail of an ossuary (worn) {rPois Str-4 Dex+9 Stlth-}
   (You found it on level 5 of the Dungeon)

   Str:       It affects your strength (-4).
   Dex:       It affects your dexterity (+9).
   rPois:     It protects you from poison.
   Stlth:     It makes you less stealthy.
 E - a +0 kite shield
 I - a scarf of shadows (worn)
Jewellery
 a - a ring of ice
 d - an amulet of magic regeneration
 h - a ring of protection from cold
 m - a ring of protection from fire (right hand)
 t - a ring of willpower
 u - a ring of fire
 v - an amulet of guardian spirit (around neck)
 w - a +4 ring of protection
 z - a ring of flight (left hand)
 C - a ring of resist corrosion
Wands
 x - a wand of acid (2)
 D - a wand of polymorph (18)
 G - a wand of flame (14)
 H - a wand of digging (6)
Scrolls
 b - a scroll of acquirement
 c - 7 scrolls of identify
 e - 3 scrolls of magic mapping
 f - a scroll of summoning
 i - 4 scrolls of fog
 k - 4 scrolls of enchant armour
 r - a scroll of brand weapon
 s - 2 scrolls of amnesia
Potions
 g - a potion of degeneration
 l - 5 potions of curing
 o - 6 potions of flight
 p - 2 potions of berserk rage
 J - a potion of lignification


   Skills:
 + Level 12.0 Fighting
 + Level 17.5 Axes
 * Level 11.6 Armour
 + Level 8.6 Dodging
 - Level 1.5 Stealth
 + Level 2.0 Evocations


You had 11 spell levels left.
You didn't know any spells.
Your spell library contained the following spells:

 Spells                   Type           Power      Damage    Failure   Level
 Pain                     Necr           0%         1d4       63%         1
 Blink                    Tloc           0%         N/A       77%         2
 Corpse Rot               Necr/Air       0%         N/A       77%         2
 Sublimation of Blood     Necr           0%         N/A       77%         2
 Dazzling Flash           Conj/Hex       0%         N/A       94%         3
 Frozen Ramparts          Ice            0%         1d2       94%         3
 Ignite Poison            Fire/Tmut/Pois 0%         N/A       94%         3
 Lesser Beckoning         Tloc           0%         N/A       94%         3
 Mephitic Cloud           Conj/Pois/Air  0%         N/A       94%         3
 Tukima's Dance           Hex            0%         N/A       94%         3
 Vampiric Draining        Necr           0%         2d6       94%         3
 Animate Dead             Necr           0%         N/A       100%        4
 Dispel Undead            Necr           0%         3d6       100%        4
 Ice Form                 Ice/Tmut       0%         N/A       100%        4
 Passage of Golubria      Tloc           0%         N/A       100%        4
 Petrify                  Tmut/Erth      0%         N/A       100%        4
 Summon Ice Beast         Ice/Summ       0%         N/A       100%        4
 Agony                    Necr           0%         N/A       100%        5
 Excruciating Wounds      Necr           0%         N/A       100%        5
 Freezing Cloud           Conj/Ice/Air   0%         6-21      100%        5
 Manifold Assault         Tloc           0%         N/A       100%        5
 Metabolic Englaciation   Hex/Ice        0%         N/A       100%        5
 Silence                  Hex/Air        0%         N/A       100%        5
 Yara's Violent Unravell  Hex/Tmut       0%         3d3       100%        5
 Death Channel            Necr           0%         N/A       100%        6
 Simulacrum               Ice/Necr       0%         N/A       100%        6
 Statue Form              Tmut/Erth      0%         N/A       100%        6


Dungeon Overview and Level Annotations

Branches:
Dungeon (12/15)            Temple (1/1) D:5            Lair (0/6) D:11
    Orc (0/2) D:10        Ossuary (visited)          Bailey (visited)

Altars:
Ashenzari
Cheibriados
Dithmenos
Elyvilon
Fedhas
Gozag
Hepliaklqana
Kikubaaqudgha
Makhleb
Nemelex Xobeh
Okawaru
Qazlal
Ru
Sif Muna
Trog
Uskayaw
Vehumet
Wu Jian
Xom
Yredelemnul
Zin
The Shining One

Shops:
D:2 *   D:3 (   D:7 (

Annotations:
D:3 exclusion: statue
D:5 Duvessa
D:7 1 runed translucent door, BinkBink's ghost, novice SpSu


Innate Abilities, Weirdness & Mutations

You have a pair of large horns on your head.
You reflexively headbutt those who attack you in melee.


Message History

You slash the cyclops! Your headbutt misses the cyclops.
The cyclops is heavily wounded.
You slice the killer bee!!
You kill the killer bee!
Kikubaaqudgha accepts your kill.
You hit the cyclops.
You headbutt the cyclops, but do no damage.
The cyclops is severely wounded.
The cyclops hits you!!
You hit the cyclops.
The cyclops is severely wounded.
You barely miss the cyclops.
The cyclops is severely wounded.
The cyclops hits you!!
You slash the cyclops! You headbutt the cyclops.
The cyclops is almost dead.
You barely miss the cyclops.
The cyclops is almost dead.
The cyclops hits you!
* * * LOW HITPOINT WARNING * * *
You slice the cyclops!!
You kill the cyclops!
Kikubaaqudgha accepts your kill.
Your Fighting skill increases to level 12!
A killer bee comes into view.
The killer bee buzzes angrily.
A centaur warrior comes into view.
The centaur warrior shouts!
The centaur warrior wields a +0 shortbow.
The centaur warrior shoots an arrow.
The arrow hits you!!
* * * LOW HITPOINT WARNING * * *
The centaur warrior shoots an arrow.
The arrow closely misses you.
Blink to where?
Press: ? - help, Dir - move target A slime creature comes into view.
As you read the scroll of blinking, it crumbles to dust.
The slime creature quivers.
The centaur warrior shoots an arrow.
The arrow hits you!
You die...
Kikubaaqudgha rasps: "You have failed me!
Welcome... death!"

#........... ### #.##.......# ..#
#.##.......+
..###########'##.......# ##
...............#.......### ..
...............##........# .#
...............##....###.# .#
...................<.....###.#
..###########J..@............####
#############.....)..............
.....##.y.§.c................####
.....##.#####...................
.....##.#################...###.#
.....†(.†...... ................
.....#>........ ...............
≈....###....... .......#...#.#.
≈≈...# ........ ........#####.#


You could see a slime creature and a centaur warrior.

Vanquished Creatures
  7 two-headed ogres
  2 orc high priests (Bailey)
  Nergalle (D:10)
  An orc knight (Bailey)
  A cyclops (D:12)
  2 manticores (D:12)
  An unseen horror (D:11)
  A kobold demonologist (D:11)
  2 komodo dragons
  Grinder (D:6)
  4 trolls
  Prince Ribbit (D:6)
  A hornet (D:9)
  A shadow (D:11)
  A wyvern (D:8)
  19 yaks
  A wraith (D:9)
  Eustachio (D:6)
  2 steam dragons
  3 vampire mosquitoes
  A harpy simulacrum (D:11)
  2 acid dragons
  14 orc warriors
  3 ice beasts
  A sky beast (D:6)
  2 black bears
  6 ogres
  4 centaurs
  2 phantoms (D:7)
  2 elf zombies (Ossuary)
  Blork the orc (D:6)
  A kobold brigand (D:11)
  2 gnoll sergeants
  6 scorpions
  3 bullfrogs
  A water moccasin zombie (D:5)
  3 water moccasin skeletons
  Dowan (D:6)
  14 killer bees (D:12)
  5 electric eels (Bailey)
  A bullfrog zombie (D:6)
  4 centaur zombies
  4 hounds
  4 human zombies
  5 orc priests
  7 gnoll shamans
  2 jellies
  4 iguanas
  A scorpion zombie (D:5)
  2 orc wizards
  2 hound skeletons
  A howler monkey zombie (D:9)
  2 mummies (Ossuary)
  26 gnolls
  12 adders
  A shadow imp (D:5)
  A white imp (D:7)
  2 ufetubi
  3 adder zombies (Ossuary)
  3 worms
  2 dart slugs
  29 orcs
  5 ball pythons
  2 bats (D:3)
  5 endoplasms
  A giant cockroach (D:2)
  19 goblins
  12 hobgoblins
  5 quokkas
  A goblin zombie (Ossuary)
  9 hobgoblin zombies (Ossuary)
  10 kobolds
  7 kobold zombies (Ossuary)
  9 orc zombies (Ossuary)
  3 rats
  A rat zombie (Ossuary)
334 creatures vanquished.

Vanquished Creatures (others)
  5 fungi (D:11)
  20 plants
25 creatures vanquished.

Grand Total: 359 creatures vanquished

Notes
Turn   | Place    | Note
-------+----------+-------------------------------------------
     0 | D:1      | BinkBink the Minotaur Monk began the quest for the Orb.
     0 | D:1      | Reached XP level 1. HP: 19/19 MP: 0/0
   409 | D:1      | Reached XP level 2. HP: 19/27 MP: 1/1
   680 | D:1      | Found a faded altar of an unknown god.
   850 | D:1      | Reached skill level 1 in Armour
  1040 | D:1      | Prayed at the altar of an unknown god.
  1040 | D:1      | Became a worshipper of Kikubaaqudgha
  1040 | D:1      | Reached * piety under Kikubaaqudgha
  1040 | D:1      | Received a gift from Kikubaaqudgha
  1040 | D:1      | Reached ** piety under Kikubaaqudgha
  1182 | D:2      | Found Moomonun's Assorted Antiques.
  1202 | D:2      | Reached skill level 4 in Axes
  1331 | D:2      | Reached XP level 3. HP: 25/33 MP: 2/2
  1902 | D:2      | Reached *** piety under Kikubaaqudgha
  1902 | D:2      | Received a gift from Kikubaaqudgha
  1904 | D:2      | Reached XP level 4. HP: 19/40 MP: 3/3
  2783 | D:3      | Found Georuyp's Weapon Boutique.
  2932 | D:3      | Reached skill level 5 in Axes
  3214 | D:3      | Reached XP level 5. HP: 47/47 MP: 4/4
  3256 | D:3      | Gained mutation: You have a pair of large horns on your
                  | head. [potion of mutation]
  3581 | D:3      | Found a large runed translucent door.
  3581 | D:3      | Found a large runed translucent door.
  3662 | D:3      | Found a radiant altar of Vehumet.
  3667 | D:3      | Noticed a charred statue
  3883 | D:4      | Found a sand-covered staircase.
  4053 | Ossuary  | Entered an ossuary
  4260 | Ossuary  | Reached **** piety under Kikubaaqudgha
  4261 | Ossuary  | Reached skill level 6 in Axes
  4261 | Ossuary  | Reached XP level 6. HP: 52/55 MP: 5/5
  4279 | Ossuary  | Reached skill level 5 in Fighting
  4697 | Ossuary  | Reached XP level 7. HP: 39/61 MP: 6/6
  4863 | Ossuary  | Reached skill level 7 in Axes
  5683 | D:5      | Entered Level 5 of the Dungeon
  5897 | D:5      | Reached skill level 5 in Dodging
  5899 | D:5      | Reached skill level 8 in Axes
  6231 | D:5      | Reached XP level 8. HP: 48/70 MP: 3/7
  6483 | D:5      | Found a staircase to the Ecumenical Temple.
  6554 | D:5      | Identified the +0 ring mail of an ossuary {rPois Str-4
                  | Dex+9 Stlth-}
  6609 | D:5      | Reached skill level 5 in Armour
  7105 | Temple   | Entered the Ecumenical Temple
  7635 | D:5      | Reached skill level 9 in Axes
  7972 | D:6      | Noticed Dowan
  7973 | D:6      | Noticed Duvessa
  8602 | D:6      | Noticed a troll
  8602 | D:6      | Noticed a two-headed ogre
  8823 | D:3      | Bought a +2 vorpal battleaxe for 260 gold pieces
  8857 | D:3      | Found an ornate altar of the Wu Jian Council.
  8863 | D:3      | Found an iron altar of Okawaru.
  8995 | D:6      | Killed a troll
  9349 | D:6      | Killed Dowan
  9350 | D:6      | Reached XP level 9. HP: 75/79 MP: 8/8
  9470 | D:6      | Reached skill level 10 in Axes
  9586 | D:6      | Noticed Blork the orc
  9587 | D:6      | Noticed Prince Ribbit
  9590 | D:6      | Reached ***** piety under Kikubaaqudgha
 10361 | D:6      | Killed Prince Ribbit
 10484 | D:6      | Killed Blork the orc
 10653 | D:6      | Noticed Grinder
 10675 | D:6      | Paralysed by Grinder for 6 turns
 10686 | D:6      | Killed Grinder
 11099 | D:6      | Noticed Eustachio
 11106 | D:6      | Killed Eustachio
 11199 | D:6      | Reached skill level 11 in Axes
 11211 | D:6      | Killed a two-headed ogre
 11249 | D:6      | Reached XP level 10. HP: 76/90 MP: 9/9
 11420 | D:7      | Found Hyadix's Antique Weapon Shoppe.
 11448 | D:7      | Noticed BinkBink's ghost (novice SpSu)
 11452 | D:7      | Found a runed translucent door.
 11947 | D:7      | Reached skill level 12 in Axes
 13272 | D:9      | Noticed a two-headed ogre
 13278 | D:9      | Killed a two-headed ogre
 13451 | D:9      | Reached skill level 13 in Axes
 13709 | D:9      | Reached skill level 10 in Fighting
 13996 | D:9      | Reached XP level 11. HP: 99/99 MP: 10/10
 14207 | D:9      | Noticed a two-headed ogre
 14212 | D:9      | Killed a two-headed ogre
 14213 | D:9      | Reached skill level 14 in Axes
 14421 | D:10     | Entered Level 10 of the Dungeon
 14605 | D:10     | Noticed Nergalle
 14638 | D:10     | Killed Nergalle
 14639 | D:10     | Reached skill level 1 in Evocations
 14892 | D:10     | Found a staircase to the Orcish Mines.
 15088 | D:10     | Noticed a four-headed hydra
 15484 | D:10     | Found a sparkling altar of Nemelex Xobeh.
 15493 | D:10     | Noticed a two-headed ogre
 15512 | D:10     | Killed a two-headed ogre
 15513 | D:10     | Reached skill level 10 in Armour
 15711 | D:10     | Noticed a two-headed ogre
 15716 | D:10     | Killed a two-headed ogre
 16408 | D:11     | Reached skill level 15 in Axes
 16422 | D:11     | Noticed a two-headed ogre
 16427 | D:11     | Killed a two-headed ogre
 16507 | D:11     | Found a flagged portal.
 16532 | Bailey   | Entered a bailey
 17106 | Bailey   | Noticed an orc knight
 17141 | Bailey   | Found an iron altar of Okawaru.
 17141 | Bailey   | Noticed an orc high priest
 17141 | Bailey   | Noticed an orc high priest
 17156 | Bailey   | Noticed a sun demon
 17272 | Bailey   | Killed an orc high priest
 17289 | Bailey   | Noticed a sixfirhy
 17290 | Bailey   | Noticed a soul eater
 17558 | Bailey   | Killed an orc knight
 17631 | Bailey   | Noticed a sixfirhy
 17892 | Bailey   | Reached XP level 12. HP: 108/110 MP: 9/11
 17909 | Bailey   | Reached ****** piety under Kikubaaqudgha
 17950 | Bailey   | Killed an orc high priest
 18103 | Bailey   | Identified the +0 chain mail of Fiveegg {rElec}
 18445 | D:11     | Reached skill level 16 in Axes
 18490 | D:11     | Found a staircase to the Lair.
 19262 | D:12     | Noticed a two-headed ogre
 19274 | D:12     | Killed a two-headed ogre
 19275 | D:12     | Reached skill level 17 in Axes
 19290 | D:12     | Noticed an eight-headed hydra
 19802 | D:12     | Noticed a centaur warrior
 19805 | D:12     | Shot with an arrow by a centaur warrior

Illustrated notes

Levels and vault maps discovered:
D:1:      dpeg_arrival_castle, layout_loops_ring,
          hellmonk_ecumenical_altar_crossroads
D:2:      layout_basic, serial_glass, glass_columns_a, glass_columns_a,
          glass_columns_a, glass_columns_b, glass_columns_c, glass_columns_a,
          feat_on_display, due_unseen_surprise, minmay_strange_pillars,
          serial_shops, nicolae_shop_overgrown_old_shop, grunt_decor_one_mirror,
          hex_medium
D:3:      layout_loops_ring, jmf_multi_god_temple2, vehumet_statue,
          serial_shops, shop_fountains
D:4:      layout_loops_ring, enter_ossuary_3, minmay_door_square
D:5:      layout_loops_ring, minmay_temple_entry_slanted, serial_rivers,
          chequers_serial_rivers_micro_e, chequers_serial_rivers_micro_c,
          chequers_serial_rivers_micro_b, chequers_serial_rivers_small_b,
          grunt_ministairs_2, serial_bayou_pond_b
D:6:      minmay_bubble_buster, layout_basic, uniq_blork_the_orc, uniq_grinder,
          uniq_prince_ribbit1, uniq_duvessa, uniq_eustachio
D:7:      layout_basic, hellmonk_ghost_happy_afterlife, serial_shops, shop
D:8:      layout_gridville, nrook_mini_vaults
D:9:      layout_basic
D:10:     layout_small_grid, amcnicky_altar_gilded, david_orc_2, minmay_puff,
          uniq_nergalle
D:11:     kennysheep_seaside_town, layout_stronghold, david_lair_shrubbed,
          enter_bailey_5
D:12:     regret_index_tunnel_blossom, layout_basic, uniq_josephine
Temple:   regret_index_temple_mists

Skill      XL: |  1  2  3  4  5  6  7  8  9 10 11 12 |
---------------+-------------------------------------+-----
Armour         | 1 2 3 4 6 8 9 10 11 | 11.6
Axes           | 4 5 6 8 9 11 13 15 17 | 17.5
Fighting       | 4 5 6 7 8 10 11 12 | 12.0
Dodging        | 4 5 6 7 8 |  8.6
Evocations     | 2 |  2.0
Stealth        | |  1.5

Action                   |  1- 3 |  4- 6 |  7- 9 | 10-12 || total
-------------------------+-------+-------+-------+-------++-------
Melee: Hand axe          |    76 |   232 |   215 |       ||   523
       Headbutt          |     9 |    45 |    55 |    87 ||   196
       Battleaxe         |       |       |    62 |   414 ||   476
Evoke: Wand              |       |       |     2 |    19 ||    21
  Use: Potion            |       |     5 |     3 |     4 ||    12
       Scroll            |       |       |    13 |     8 ||    21
 Stab: Sleeping          |     2 |     6 |     2 |       ||    10
       Distracted        |     1 |       |       |       ||     1
       Invisible         |       |       |       |     2 ||     2
Armor: Robe              |     4 |    37 |    33 |       ||    74
       Skin              |       |     2 |     6 |       ||     8
       Ring mail         |       |       |    12 |    96 ||   108
Dodge: Dodged            |    41 |    97 |   163 |   297 ||   598

Table legend: (Time is in decaauts)
 A = Elapsed time spent in this place.
 B = Non-inter-level travel time spent in this place.
 C = Inter-level travel time spent in this place.
 D = Time resting spent in this place.
 E = Time spent auto-exploring this place.
 F = Levels seen in this place.
 G = Mean time per level.
                   A        B        C        D        E       F      G
               +--------+--------+--------+--------+--------+-----+--------+
         Total |  19848 |  18500 |   1348 |      0 |  14653 |  15 | 1323.2 |
       Dungeon |  16965 |  15640 |   1325 |      0 |  13009 |  12 | 1413.8 |
        Temple |    454 |    431 |     23 |      0 |    412 |   1 |  454.0 |
       Ossuary |    849 |    849 |      0 |      0 |    491 |   1 |  849.0 |
        Bailey |   1578 |   1578 |      0 |      0 |    740 |   1 | 1578.0 |
               +--------+--------+--------+--------+--------+-----+--------+

Top non-repeatable levels by time:
     D:5: 3027 daAuts
     D:6: 2116 daAuts
    D:11: 1731 daAuts
  Bailey: 1578 daAuts
     D:3: 1514 daAuts
     D:9: 1472 daAuts
    D:10: 1412 daAuts
     D:2: 1399 daAuts
     D:1: 1099 daAuts
     D:8: 1082 daAuts
     D:4: 1003 daAuts
 Ossuary: 849 daAuts
     D:7: 767 daAuts
  Temple: 454 daAuts
    D:12: 341 daAuts
